 Dungeon Crawl Stone Soup version 0.31-a0-744-gbc345e7fcb (webtiles) character file.

Game seed: 11951033029342196703

6863 GigaChad the Cleaver (level 11, -3/84 HPs)
             Began as a Formicid Fighter on Sept 13, 2023.
             Was a Priest of the Shining One.
             Slain by an orc warrior
             ... wielding a +0 war axe
              (9 damage)
             ... in a bailey.
             The game lasted 00:13:10 (6639 turns).

GigaChad the Cleaver (Formicid Fighter)             Turns: 6639, Time: 00:13:11

Health: -3/84      AC: 13    Str: 25    XL:     11   Next: 26%
Magic:  13/13      EV:  6    Int:  8    God:    the Shining One [***...]
Gold:   511        SH: 10    Dex: 13    Spells: 10/10 levels left

rFire   . . .        n - +1 dire flail (heavy)
rCold   . . .        I - +0 kite shield
rNeg    + . .        x - +0 plate armour
rPois   .            (helmet unavailable)
rElec   .            (no cloak)
rCorr   .            (no gloves)
SInv    +            (no boots)
Will    +....        g - amulet of regeneration Stlth
                     (no ring)
HPRegen 1.14/turn    (no ring)
MPRegen 0.13/turn

%: no passive effects
@: mighty, glowing
A: permanent stasis, dig shafts and tunnels, antennae 3, four strong arms
a: Dig, Renounce Religion, Divine Shield, Cleansing Flame


You were in a bailey.
You worshipped the Shining One.
The Shining One was most pleased with you.
You visited 2 branches of the dungeon, and saw 9 of its levels.
You also visited: Bailey.

You collected 511 gold pieces.

Inventory:

Hand Weapons
 a - a +2 war axe
 n - a +1 heavy dire flail (weapon)
 q - a +2 great sword
 v - a +0 orcbow
 B - a +0 scimitar
 D - a +0 battleaxe
 G - a +0 halberd of flaming
 J - a +0 broad axe
 K - the +5 morningstar "Noiwkat" {flame, Drain Str+9}
   (You found it in a bailey)

   Str+9:     It affects your strength (+9).
   Drain:     It drains your maximum health when unequipped.
Missiles
 o - a throwing net
Armour
 b - a +0 scale mail
 x - a +0 plate armour (worn)
 I - a +0 kite shield (worn)
Jewellery
 g - an amulet of regeneration (around neck)
 m - an amulet of guardian spirit
 w - a ring of ice
Talismans
 c - a serpent talisman
 f - a flux talisman
 y - a flux talisman
Wands
 i - a wand of mindburst (26)
 r - a wand of flame (23)
 C - a wand of polymorph (3)
 F - a wand of roots (13)
Scrolls
 u - a scroll of summoning
 E - 2 scrolls of identify
 H - a scroll of amnesia
Potions
 e - 4 potions of enlightenment
 h - 2 potions of attraction
 j - 3 potions of magic {unknown}
 k - 3 potions of haste {unknown}
 l - 10 potions of curing
 p - 2 potions of brilliance {unknown}
 s - 3 potions of heal wounds {unknown}
 t - a potion of berserk rage {unknown}
 z - a potion of mutation {unknown}
 A - a potion of invisibility {unknown}


   Skills:
 * Level 7.5 Fighting
 * Level 3.1 Long Blades
 * Level 8.1(9.5) Axes
 * Level 7.6(9.3) Maces & Flails
 * Level 7.9 Armour
 * Level 7.6 Shields
 * Level 3.8 Invocations
 * Level 3.3 Evocations
 * Level 3.5 Shapeshifting


You had 10 spell levels left.
You didn't know any spells.
Your spell library contained the following spells:

 Spells                   Type           Power      Damage    Failure   Level
 Foxfire                  Conj/Fire      0%         2x1d4     100%        1
 Kiss of Death            Conj/Necr      0%         2d5       100%        1
 Summon Small Mammal      Summ           0%         N/A       100%        1
 Call Canine Familiar     Summ           0%         N/A       100%        3
 Confusing Touch          Hex            0%         N/A       100%        3
 Ozocubu's Armour         Ice            0%         N/A       100%        3
 Summon Guardian Golem    Hex/Summ       0%         N/A       100%        3
 Dispel Undead            Necr           0%         3d6       100%        4
 Metabolic Englaciation   Hex/Ice        0%         N/A       100%        5
 Plasma Beam              Fire/Air       0%         2x1d10    100%        6
 Simulacrum               Ice/Necr       0%         N/A       100%        6
 Starburst                Conj/Fire      0%         6d3       100%        6


Dungeon Overview and Level Annotations

Branches:
Dungeon (8/15)             Temple (1/1) D:5            Lair (0/5) D:8
 Bailey (1/1)

Altars:
Ashenzari
Cheibriados
Dithmenos
Elyvilon
Hepliaklqana
Kikubaaqudgha
Makhleb
Nemelex Xobeh
Qazlal
Ru
Sif Muna
Trog
Uskayaw
Vehumet
Wu Jian
Xom
Zin
The Shining One

Shops:
D:2 ?   D:3 :


Innate Abilities, Weirdness & Mutations

You cannot be hasted, slowed, berserked, paralysed or teleported.
You can dig through walls and to a lower floor.
You have a pair of large antennae on your head. (SInv)
Your four strong arms can wield two-handed weapons with a shield.


Message History

The orc no longer looks unusually strong.
The orc knight hits you with a +0 war axe!
* * * LOW HITPOINT WARNING * * *
The kobold hits you but does no damage. You block the orc knight's attack.
The kobold hits you but does no damage.
You bludgeon the orc knight!!
You kill the orc knight!
The orc warrior hits you with a +0 war axe!
* * * LOW HITPOINT WARNING * * *
The kobold hits you but does no damage.
Your base Axes skill increases to level 8!
Unknown command.
You sock the orc warrior!
The orc warrior is heavily wounded.
The orc warrior barely misses you.
The orc warrior hits you with a +0 battleaxe!
The Shining One protects you from harm! The kobold hits you but does no damage.
Unknown command.
You hit the orc warrior.
The orc warrior is severely wounded.
The orc warrior barely misses you.
The orc warrior hits you but does no damage.
The kobold hits you but does no damage. You block the orc warrior's attack.
The kobold hits you.
* * * LOW HITPOINT WARNING * * *
You block the orc warrior's attack.
You bludgeon the orc warrior!!
You kill the orc warrior!
The orc warrior closely misses you. You block the kobold's attack.
Unknown command.
You barely miss the orc.
The orc warrior hits you with a +0 war axe!
* * * LOW HITPOINT WARNING * * *
You block the orc's attack. The kobold hits you but does no damage.
Unknown command.
You impale the orc!!
You kill the orc!
The orc warrior hits you with a +0 war axe!
You die...

##...#.#..#..#
###########.#############
##.....((.......(........####
#......(#########...........##
##..######..!. ##(#.........#
##...#{{{ #...., #.)#....⌠.....
##....# , ..gg #..###[......#
≈≈≈~..# ..####o####..'.#.....###
≈≈≈≈..###......)@.....###.(....##
≈≈≈≈≈≈~.#..####K####..#...(.~≈≈≈≈
##≈≈≈≈≈≈## #.......####.≈≈~≈≈≈≈≈≈
####≈≈≈≈≈K#...[.o.#K≈≈≈≈≈≈)....#
###≈≈≈≈#########≈≈≈≈≈.)....##
##≈≈≈≈≈≈≈≈≈≈≈≈≈........##
##.≈≈≈≈≈≈≈≈........###
##.............####
##..∩......####


You could see an orc warrior (strong), a hobgoblin and a kobold.

Vanquished Creatures
  An orc knight (Bailey)
  3 yaks (D:8)
  Edmund (D:4)
  Menkaure (D:4)
  3 water moccasins
  5 black bears
  9 orc warriors
  2 sky beasts (D:7)
  3 ice beasts
  3 centaurs
  2 phantoms
  A kobold brigand (D:7)
  A gnoll sergeant (D:8)
  11 bullfrogs
  5 scorpions
  18 wights
  2 howler monkeys (D:7)
  4 orc priests
  2 hounds (D:6)
  A gnoll bouda (D:7)
  7 jellies
  2 sleepcaps
  Natasha (thrice) (D:4)
  3 iguanas
  Ijyb (D:3)
  10 orc wizards
  6 gnolls
  11 adders
  A shadow imp (D:7)
  4 white imps
  3 dart slugs (D:5)
  44 orcs
  7 ball pythons
  4 endoplasms
  4 giant cockroaches
  7 goblins
  5 hobgoblins
  4 jackals
  A quokka (D:3)
  2 bats
  4 frilled lizards
  16 kobolds
  8 rats
235 creatures vanquished.

Notes
Turn   | Place    | Note
-------+----------+-------------------------------------------
     0 | D:1      | GigaChad the Formicid Fighter began the quest for the Orb.
     0 | D:1      | Reached XP level 1. HP: 18/18 MP: 1/1
   186 | D:1      | Reached XP level 2. HP: 24/24 MP: 2/2
   579 | D:2      | Found Oskownoo's Magic Scroll Boutique.
   640 | D:2      | Reached XP level 3. HP: 29/29 MP: 3/3
   741 | D:2      | Found a faded altar of an unknown god.
   800 | D:2      | Reached XP level 4. HP: 37/37 MP: 4/4
  1194 | D:3      | Reached skill level 3 in Axes
  1317 | D:3      | Reached XP level 5. HP: 31/42 MP: 5/5
  1644 | D:3      | Found a hazy altar of Hepliaklqana.
  1943 | D:3      | Noticed Ijyb
  1956 | D:3      | Killed Ijyb
  2200 | D:3      | Found Nint's Book Emporium.
  2346 | D:4      | Noticed Edmund
  2367 | D:4      | Reached skill level 4 in Axes
  2367 | D:4      | Reached XP level 6. HP: 16/49 MP: 6/6
  2369 | D:4      | Killed Edmund
  2370 | D:4      | Reached skill level 5 in Shields
  2370 | D:4      | Reached XP level 7. HP: 23/55 MP: 7/7
  2512 | D:4      | Noticed Natasha
  2519 | D:4      | Killed Natasha
  2521 | D:4      | Reached skill level 5 in Axes
  2564 | D:4      | Noticed Natasha
  2567 | D:4      | Noticed Menkaure
  2574 | D:4      | Killed Natasha
  2580 | D:4      | Killed Menkaure
  2581 | D:4      | Reached skill level 1 in Maces & Flails
  2581 | D:4      | Reached skill level 5 in Armour
  2891 | D:4      | Noticed Natasha
  2896 | D:4      | Killed Natasha
  2982 | D:5      | Entered Level 5 of the Dungeon
  3026 | D:5      | Reached skill level 5 in Fighting
  3065 | D:5      | Reached XP level 8. HP: 53/62 MP: 8/8
  3095 | D:5      | Found an ancient bone altar of Kikubaaqudgha.
  3376 | D:5      | Found a staircase to the Ecumenical Temple.
  3402 | Temple   | Entered the Ecumenical Temple
  3432 | Temple   | Became a worshipper of the Shining One
  4124 | D:6      | Reached skill level 1 in Shapeshifting
  4124 | D:6      | Reached XP level 9. HP: 50/69 MP: 9/9
  4190 | D:6      | Reached skill level 5 in Maces & Flails
  4589 | D:6      | Reached skill level 1 in Invocations
  4599 | D:6      | Reached * piety under the Shining One
  4620 | D:6      | Reached skill level 1 in Evocations
  4670 | D:6      | Found a snail-covered altar of Cheibriados.
  4676 | D:6      | Reached skill level 1 in Long Blades
  4873 | D:7      | Reached skill level 6 in Axes
  5011 | D:7      | Reached ** piety under the Shining One
  5023 | D:7      | Reached XP level 10. HP: 72/77 MP: 11/11
  5215 | D:7      | Found a shadowy altar of Dithmenos.
  5318 | D:7      | Identified the +3 short sword of Hospitality {freeze, rF+}
  5695 | D:7      | Reached skill level 7 in Axes
  6026 | D:8      | Found a sparkling altar of Nemelex Xobeh.
  6120 | D:8      | Reached *** piety under the Shining One
  6133 | D:8      | Reached XP level 11. HP: 83/84 MP: 13/13
  6219 | D:8      | Found a staircase to the Lair.
  6437 | D:8      | Found a flagged portal.
  6459 | Bailey   | Entered a bailey
  6558 | Bailey   | Identified the +5 morningstar "Noiwkat" {flame, Drain
                  | Str+9}
  6622 | Bailey   | Noticed an orc knight
  6634 | Bailey   | Killed an orc knight
  6635 | Bailey   | Reached skill level 8 in Axes
  6635 | Bailey   | The Shining One protects you from harm!
  6638 | Bailey   | HP: 4/84 [orc warrior/+0 war axe (10)]
  6639 | Bailey   | Slain by an orc warrior

Illustrated notes

Levels and vault maps discovered:
D:1:      psy_arrival_whirlpool, layout_loops_ring
D:2:      minmay_door_path, layout_basic, shapermc_ecumenical_altar_venn,
          serial_shops, nicolae_shop_crystal
D:3:      layout_basic, mainiacjoe_overflow_24_doors, serial_shops,
          nicolae_shop_just_a_little_nook, uniq_ijyb
D:4:      layout_basic, minmay_ruptured, uniq_natasha, uniq_menkaure,
          uniq_edmund
D:5:      layout_cave_pods, kennysheep_mini_moat,
          minmay_temple_entry_stoned_glass, guppyfry_early_orc_mine
D:6:      layout_gridville, cheibriados_altar_1, minmay_stone_trees_large
D:7:      minmay_bubble_buster, layout_basic, mainiacjoe_overflow_alcove_2,
          minmay_stone_trees_small, minmay_misc_feat_roman
D:8:      layout_rooms, lemuel_doored_altar, due_lair_maze_entry_diamond,
          enter_bailey_5
Temple:   compressed_dpeg_triangle_lava_temple
Bailey:   bailey_axe_4, bailey

Skill      XL: |  1  2  3  4  5  6  7  8  9 10 11 |
---------------+----------------------------------+-----
Armour         | 4 5 6 7 |  7.9
Axes           | 3 4 5 6 7 8 |  8.1
Fighting       | 4 5 6 7 |  7.5
Shields        | 5 6 7 |  7.6
Maces & Flails | 2 4 6 7 |  7.6
Shapeshifting  | 1 2 3 |  3.5
Invocations    | 1 3 |  3.8
Evocations     | 1 2 3 |  3.3
Long Blades    | 1 2 3 |  3.1

Action                     |  1- 3 |  4- 6 |  7- 9 | 10-12 || total
---------------------------+-------+-------+-------+-------++-------
  Melee: War axe           |    68 |    88 |       |       ||   156
         Dire flail        |       |       |   218 |    82 ||   300
         Battleaxe         |       |       |     5 |   151 ||   156
Ability: Dig               |       |       |       |     2 ||     2
    Use: Scroll            |       |     5 |     6 |       ||    11
         Potion            |       |       |       |     1 ||     1
 Armour: Scale mail        |    53 |    78 |    98 |       ||   229
         Plate armour      |       |       |   167 |   269 ||   436
  Dodge: Dodged            |    36 |    39 |   114 |    90 ||   279
  Block: Buckler           |    17 |    32 |    75 |    69 ||   193
         Kite shield       |       |       |       |    33 ||    33

Table legend: (Time is in decaauts)
 A = Elapsed time spent in this place.
 B = Non-inter-level travel time spent in this place.
 C = Inter-level travel time spent in this place.
 D = Time resting spent in this place.
 E = Time spent auto-exploring this place.
 F = Levels seen in this place.
 G = Mean time per level.
                   A        B        C        D        E       F      G
               +--------+--------+--------+--------+--------+-----+--------+
         Total |   6904 |   6731 |    173 |    990 |   3982 |  10 |  690.4 |
       Dungeon |   6669 |   6496 |    173 |    974 |   3916 |   8 |  833.6 |
        Temple |     40 |     40 |      0 |      0 |      0 |   1 |   40.0 |
        Bailey |    194 |    194 |      0 |     16 |     65 |   1 |  194.0 |
               +--------+--------+--------+--------+--------+-----+--------+

Top non-repeatable levels by time:
     D:3: 1194 daAuts
     D:7: 1116 daAuts
     D:6: 1001 daAuts
     D:5: 916 daAuts
     D:4: 727 daAuts
     D:1: 595 daAuts
     D:2: 562 daAuts
     D:8: 555 daAuts
  Bailey: 194 daAuts
  Temple: 40 daAuts
